 Dungeon Crawl Stone Soup version 0.25.1-8-g42b30a86e7 (webtiles) character file.

Game seed: 2580366630508862402

157890 Revguard the Severer (level 17, -5/149 HPs)
             Began as a Minotaur Fighter on Dec 25, 2020.
             Was the Champion of Cheibriados.
             Slain by a demonic crawler (12 damage)
             ... on level 2 of the Spider Nest.
             The game lasted 01:53:20 (25824 turns).

Revguard the Severer (Minotaur Fighter)            Turns: 25824, Time: 01:53:21

Health: -5/149     AC:  1    Str: 38    XL:     17   Next: 13%
Magic:  3/25       EV: 19    Int: 23    God:    Cheibriados [******]
Gold:   1336       SH: 29    Dex: 32    Spells: 16/16 levels left

rFire    + . .     SeeInvis +   J - +1 war axe (elec)
rCold    + . .     Gourm    .   w - +3 tower shield {reflect}
rNeg     . . .     Faith    .   R - +2 robe of Vines {NoPotionHeal Regen+7}
rPois    +         Spirit   .   (helmet restricted)
rElec    .         Reflect  +   k - +0 cloak
rCorr    .         Harm     .   F - +1 pair of gloves
MR       +....     Clarity  +   C - +0 pair of boots
Stlth    ++........             (no amulet)
HPRegen  3.14/turn              l - ring of see invisible
MPRegen  0.19/turn              q - ring of the Slashing Jester {rF+ rC+ Int+3 Dex+2}

@: lethally poisoned (-5 -> -5), corroded, studying Long Blades, very slow
A: retaliatory headbutt, horns 2, yellow scales 1, clarity, poison resistance,
shaggy fur 1
a: Bend Time, Temporal Distortion, Slouch, Step From Time, Renounce Religion


You were on level 2 of the Spider Nest.
You worshipped Cheibriados.
Cheibriados was exalted by your worship.
You were very hungry.

You visited 4 branches of the dungeon, and saw 25 of its levels.
You visited 1 bazaar.
You also visited: Sewer.

You collected 2667 gold pieces.
You spent 1331 gold pieces at shops.

Inventory:

Hand Weapons
 J - a +1 war axe of electrocution (weapon)
 M - a +2 scimitar of flaming
Missiles
 b - 13 javelins
 n - 9 curare-tipped darts (quivered)
Armour
 k - a +0 cloak (worn)
 w - a +3 tower shield of reflection (worn)
 C - a +0 pair of boots (worn)
 F - a +1 pair of gloves (worn)
 O - the +1 plate armour of Itagug {rElec Str+6 Int+4 Dex-3}
   (You found it on level 14 of the Dungeon)

   It affects your strength (+6).
   It affects your intelligence (+4).
   It affects your dexterity (-3).
   It insulates you from electricity.
 R - the +2 robe of Vines (worn) {NoPotionHeal Regen+7}
   (You found it on level 3 of the Lair of Beasts)

   It increases your rate of regeneration.
Jewellery
 h - an uncursed ring of fire
 l - a ring of see invisible (left hand)
 m - an uncursed ring of ice
 q - the ring of the Slashing Jester (right hand) {rF+ rC+ Int+3 Dex+2}
   (You bought it in a shop on level 14 of the Dungeon)

   [ring of protection from cold]

   It affects your intelligence (+3).
   It affects your dexterity (+2).
   It protects you from fire.
   It protects you from cold.
 r - the ring "Ijicoc" {rElec rN+ Str+3}
   (You acquired it on level 6 of the Lair of Beasts)

   [ring of positive energy]

   It affects your strength (+3).
   It insulates you from electricity.
   It protects you from negative energy.
 x - the ring "Juciz" {*Tele Int+6}
   (You found it on level 15 of the Dungeon)

   [ring of teleportation]

   It may teleport you next to monsters.
   It affects your intelligence (+6).
 P - an uncursed ring of protection from magic
 V - an uncursed amulet of faith
Wands
 a - a wand of enslavement (12)
 c - a wand of clouds (5)
 j - a wand of flame (55)
 u - a wand of iceblast (29)
 v - a wand of digging (3)
 I - a wand of disintegration (14)
 N - a wand of paralysis (16)
Scrolls
 s - 5 scrolls of fear
 t - 10 scrolls of remove curse
 y - 2 scrolls of blinking
 z - 3 scrolls of immolation
 A - 5 scrolls of teleportation
 D - 5 scrolls of amnesia
 G - 2 scrolls of enchant weapon
 H - 3 scrolls of fog
 Q - 3 scrolls of magic mapping
 T - 3 scrolls of identify
 W - 3 scrolls of enchant armour
Potions
 d - 4 potions of might
 e - 10 potions of curing
 g - 4 potions of stabbing
 i - 3 potions of magic
 p - 3 potions of brilliance
 B - 5 potions of lignification
 L - a potion of mutation
 U - 2 potions of invisibility
 X - 2 potions of resistance
Books
 K - a manual of Long Blades
Miscellaneous
 o - a lightning rod (4/4)
 E - a tin of tremorstones (2/3)
 S - a phial of floods
Comestibles
 f - 61 rations


   Skills:
 + Level 13.1 Fighting
 + Level 2.0 Long Blades
 + Level 17.1 Axes
 + Level 11.8 Armour
 + Level 7.1 Dodging
 + Level 16.4 Shields
 * Level 13.0 Invocations
 * Level 11.9 Evocations


You had 16 spell levels left.
You didn't know any spells.
Your spell library contained the following spells:

 Spells                   Type           Power        Failure   Level  Hunger
 Corona                   Hex            #......      43%         1    ##.....
 Sandblast                Erth           #.....       43%         1    ##.....
 Passwall                 Tmut/Erth      #.......     56%         2    ###....
 Slow                     Hex            #.......     56%         2    ###....
 Confusing Touch          Hex            #.......     80%         3    ####...
 Gell's Gravitas          Tloc           #.........   80%         3    ####...
 Inner Flame              Hex/Fire       #.......     80%         3    ####...
 Portal Projectile        Hex/Tloc       #.....       80%         3    ####...
 Stone Arrow              Conj/Erth      #.....       80%         3    ####...
 Cause Fear               Hex            #.........   99%         4    #####..
 Leda's Liquefaction      Hex/Erth       #.........   99%         4    #####..
 Petrify                  Tmut/Erth      #.......     99%         4    #####..
 Lee's Rapid Deconstruct  Erth           #.........   100%        5    ######.
 Metabolic Englaciation   Hex/Ice        #.........   100%        5    ######.
 Yara's Violent Unravell  Hex/Tmut       #.........   100%        5    ######.


Dungeon Overview and Level Annotations

Branches:
Dungeon (15/15)            Temple (0/1) D:7            Lair (6/6) D:9
  Swamp (0/4) Lair:2       Spider (2/4) Lair:3        Slime (0/5) Lair:5
    Orc (2/2) D:12            Elf (0/3) Orc:2        Vaults (0/5) D:13
 Depths (0/5) D:15          Sewer (visited)

Altars:
Cheibriados
Gozag
Hepliaklqana
Kikubaaqudgha
Makhleb
Ru
Xom
Beogh

Shops:
D:6 [   D:9 *   D:14 =   D:15 !=:%   Orc:2 (:%*

Portals:
Pandemonium: Orc:2


Innate Abilities, Weirdness & Mutations

You reflexively headbutt those who attack you in melee.
You have a pair of horns on your head.
You are partially covered in yellow scales. (AC +2)
You possess an exceptional clarity of mind.
Your system is resistant to poisons. (rPois)
You are covered in fur. (AC +1)


Message History

The entropic weave corrodes you! The redback closely misses you.
As you read the scroll of fear, it crumbles to dust.
You assume a fearsome visage.
The redback looks frightened!
The jumping spider looks frightened!
The entropy weaver looks frightened!
The demonic crawler is unaffected.
The orb spider easily resists.
You feel sick.
The orb spider hisses angrily.
You kill the entropy weaver!
Cheibriados thoroughly appreciates the change of pace.
Your Invocations skill increases to level 13!
The jumping spider leaps!
You block the demonic crawler's attack. x2
The demonic crawler closely misses you.
The jumping spider leaps!
Evoke which item? (* to show all) (? for menu, Esc to quit)
Aiming: Enslavement
Press: ? - help, Shift-Dir - straight line, f - demonic crawler
Aim: a demonic crawler (moderately wounded, chance to defeat MR: 13%)
The demonic crawler resists with almost no effort.
You feel sick.
You block the demonic crawler's attack. x2
The demonic crawler hits you!
You die...

... #... #..>
s....####
^....#..##
#°.^†....##
#.....s.#
#...†@†(#
##..°<†#s††.#
#^...†.††.#..
##..s.......
###.##......
^.. ##....
... .... ....
.. .....


You could see a demonic crawler, an orb spider, a jumping spider (fleeing) and a
redback (fleeing).

Vanquished Creatures
  Rupert (Lair:4)
  A tengu reaver (D:15)
  A sphinx (D:15)
  The ghost of Cykl0x the Fencer, an adept FoFi of the Shining One (Spider:1)
  A frost giant (D:15)
  An orc warlord (Orc:1)
  3 ghost moths (Spider:1)
  A stone giant (Orc:2)
  3 entropy weavers
  The ghost of Ficseq the Devastator, a journeyman DrCj of Vehumet (Lair:4)
  Azrael (D:13)
  The ghost of Cazemata the Warrior, a journeyman MiBe of Trog (D:11)
  An ogre mage (D:13)
  6 hydras
  A rakshasa (D:15)
  3 centaur warriors
  2 tengu warriors (D:15)
  An alligator (shapeshifter) (D:15)
  A deep troll earth mage (D:15)
  8 two-headed ogres
  4 orc high priests (Orc:2)
  A dancing weapon (Lair:4)
  Sonja (Lair:4)
  13 skeletal warriors
  2 unseen horrors
  2 gelid demonspawn (Orc:2)
  A glowing orange brain (D:15)
  4 orb spiders
  7 orc knights
  A wolf spider zombie (D:14)
  A deep elf mage (D:11)
  A harpy (shapeshifter) (D:15)
  2 oklob plants (Lair:5)
  A wolf spider (shapeshifter) (D:15)
  14 wolf spiders
  12 ugly things
  8 orc sorcerers
  7 cyclopes
  2 manticores (D:11)
  A manticore (shapeshifter) (D:15)
  5 centaur zombies
  6 black mambas
  18 elephants
  A guardian serpent (Lair:6)
  2 orange demons (Orc:2)
  3 gargoyles
  Joseph (D:8)
  2 torpor snails
  A rime drake (shapeshifter) (D:15)
  12 spiny frogs
  A redback zombie (D:14)
  An ice devil (Orc:2)
  4 demonic crawlers (Spider:1)
  8 komodo dragons
  17 jumping spiders
  7 trolls
  A queen bee (D:11)
  Grinder (D:3)
  5 hornets
  A bog body (Lair:2)
  22 blink frogs
  3 slime creatures (D:15)
  10 hippogriffs
  3 dream sheep (Lair:3)
  33 redbacks
  8 tarantellas
  A spriggan (D:8)
  4 shadows
  76 yaks
  2 wraiths
  4 vampires
  7 wyverns (Lair:6)
  A golden eye (shapeshifter) (D:15)
  4 basilisks
  2 fire elementals (D:13)
  A neqoxec (Orc:2)
  Grum (D:8)
  4 vampire mosquitoes (D:14)
  2 wargs (Orc:2)
  A hungry ghost (D:15)
  A soldier ant (shapeshifter) (D:14)
  2 acid dragons
  A soldier ant (D:15)
  28 water moccasins
  5 hell hounds (D:13)
  2 two-headed ogre zombies (D:12)
  2 porcupines
  Purgy (Sewer)
  48 orc warriors
  6 ice beasts
  4 sky beasts
  14 ogres
  9 phantoms
  60 wolves
  5 eyes of draining
  2 necrophages
  22 centaurs
  10 crocodiles
  A big kobold (shapeshifter) (D:13)
  A big kobold (D:6)
  Blork the orc (D:5)
  17 bullfrogs
  2 gnoll sergeants (Orc:2)
  A wyvern zombie (D:10)
  7 scorpions
  A troll zombie (D:12)
  20 wights
  38 killer bees
  An electric eel (Spider:1)
  9 howler monkeys
  8 crimson imps
  6 hounds
  A quasit (D:13)
  A bullfrog skeleton (D:10)
  36 orc priests
  Crazy Yiuf (D:2)
  2 gnoll shamans
  7 jellies
  6 centaur skeletons
  Jessica (D:2)
  An iguana (D:8)
  13 worker ants
  Ijyb (D:3)
  27 orc wizards
  Natasha (thrice) (D:2)
  A killer bee zombie (D:9)
  5 ogre zombies (D:12)
  5 hound skeletons
  Robin (D:2)
  A worker ant zombie (D:11)
  11 adders
  28 gnolls
  A howler monkey skeleton (D:8)
  2 river rats (D:3)
  3 shadow imps
  An ooze (D:3)
  2 adder skeletons
  6 worms
  2 dart slugs (D:1)
  4 leopard geckos
  123 orcs
  4 ball pythons
  11 bats
  3 giant cockroaches
  14 goblins
  10 hobgoblins
  2 jackals (D:3)
  6 kobolds
  A quokka (D:7)
  6 frilled lizards
  A goblin zombie (D:12)
  A hobgoblin skeleton (D:12)
  2 hobgoblin zombies (D:12)
  An orc skeleton (D:12)
  20 orc zombies (D:12)
  A quokka skeleton (D:7)
  9 rats
  5 fungi
  9 plants
1147 creatures vanquished.

Vanquished Creatures (collateral kills)
  A torturous demonspawn (Orc:2)
  An orc sorcerer (Orc:2)
  A red devil (Orc:2)
  An orc warrior (Orc:2)
4 creatures vanquished.

Vanquished Creatures (others)
  An orc high priest (Orc:2)
  A spiny frog (Lair:6)
  A tarantella (Spider:2)
  8 fungi (Lair:6)
  28 plants
39 creatures vanquished.

Grand Total: 1190 creatures vanquished

Notes
Turn   | Place    | Note
-------+----------+-------------------------------------------
     0 | D:1      | Revguard the Minotaur Fighter began the quest for the Orb.
     0 | D:1      | Reached XP level 1. HP: 19/19 MP: 0/0
   468 | D:1      | Reached XP level 2. HP: 27/27 MP: 1/1
  1305 | D:2      | Noticed Natasha
  1315 | D:2      | Noticed a crimson imp
  1317 | D:2      | Killed Natasha
  1317 | D:2      | Reached skill level 3 in Axes
  1317 | D:2      | Reached XP level 3. HP: 15/33 MP: 2/2
  1385 | D:2      | Noticed Natasha
  1393 | D:2      | Killed Natasha
  1393 | D:2      | Reached XP level 4. HP: 21/40 MP: 3/3
  1557 | D:2      | Noticed Natasha
  1561 | D:2      | Killed Natasha
  1561 | D:2      | Reached skill level 1 in Dodging
  1847 | D:2      | Found a faded altar of an unknown god.
  1892 | D:2      | Found a runed translucent door.
  1893 | D:2      | Noticed Crazy Yiuf
  2060 | D:2      | Noticed Jessica
  2070 | D:2      | Killed Jessica
  2070 | D:2      | Reached skill level 4 in Axes
  2070 | D:2      | Reached XP level 5. HP: 47/47 MP: 4/4
  2074 | D:2      | Noticed Robin
  2087 | D:2      | Killed Robin
  2277 | D:2      | Found a burning altar of Makhleb.
  2327 | D:2      | Killed Crazy Yiuf
  2533 | D:3      | Noticed Ijyb
  2542 | D:3      | Killed Ijyb
  2575 | D:3      | Reached skill level 5 in Axes
  2585 | D:3      | Reached XP level 6. HP: 24/53 MP: 5/5
  2615 | D:3      | Reached skill level 5 in Armour
  2631 | D:3      | Found a snail-covered altar of Cheibriados.
  2661 | D:3      | Became a worshipper of Cheibriados the Contemplative
  2860 | D:3      | Noticed Grinder
  2868 | D:3      | Killed Grinder
  2868 | D:3      | Reached skill level 5 in Fighting
  2868 | D:3      | Reached skill level 5 in Shields
  2868 | D:3      | Reached skill level 1 in Evocations
  2868 | D:3      | Reached XP level 7. HP: 45/61 MP: 5/7
  2975 | D:3      | Found a glowing drain.
  2980 | D:3      | Reached skill level 6 in Axes
  2985 | D:3      | Reached * piety under Cheibriados
  2999 | Sewer    | Entered a sewer
  3047 | Sewer    | Noticed Purgy
  3056 | Sewer    | Killed Purgy
  3626 | D:4      | Reached skill level 7 in Axes
  3851 | D:5      | Entered Level 5 of the Dungeon
  3861 | D:5      | Reached XP level 8. HP: 44/69 MP: 7/9
  4016 | D:5      | Reached ** piety under Cheibriados
  4117 | D:5      | Reached skill level 8 in Axes
  4177 | D:5      | Found a sacrificial altar of Ru.
  4270 | D:5      | Noticed Blork the orc
  4278 | D:5      | Killed Blork the orc
  4472 | D:5      | Reached skill level 1 in Invocations
  4945 | D:6      | Reached *** piety under Cheibriados
  4951 | D:6      | Reached XP level 9. HP: 53/78 MP: 10/10
  4951 | D:6      | Reached skill level 9 in Axes
  5190 | D:6      | Found Bikeh's Antique Armour Boutique.
  5360 | D:6      | Gained mutation: You possess an exceptional clarity of
                  | mind. [potion of mutation]
  5360 | D:6      | Gained mutation: You are partially covered in yellow
                  | scales. (AC +2) [potion of mutation]
  5360 | D:6      | Gained mutation: Your system is resistant to poisons.
                  | (rPois) [potion of mutation]
  5360 | D:6      | Gained mutation: You are covered in fur. (AC +1) [potion of
                  | mutation]
  5717 | D:7      | Reached **** piety under Cheibriados
  6128 | D:7      | Reached skill level 10 in Axes
  6166 | D:7      | Found a staircase to the Ecumenical Temple.
  6519 | D:8      | Found an opulent altar of Gozag.
  6695 | D:8      | Noticed Joseph
  6706 | D:8      | Killed Joseph
  6777 | D:8      | Noticed a two-headed ogre
  6786 | D:8      | Killed a two-headed ogre
  6786 | D:8      | Reached XP level 10. HP: 51/85 MP: 12/12
  7048 | D:8      | Reached skill level 5 in Evocations
  7143 | D:8      | Reached ***** piety under Cheibriados
  7178 | D:8      | Noticed Grum
  7193 | D:8      | Killed Grum
  7194 | D:8      | Reached skill level 11 in Axes
  7383 | D:8      | Noticed a two-headed ogre
  7390 | D:8      | Killed a two-headed ogre
  7805 | D:8      | Found an ancient bone altar of Kikubaaqudgha.
  7905 | D:9      | Found Cietes's Changing Room.
  7989 | D:9      | Reached skill level 5 in Invocations
  8548 | D:9      | Found a staircase to the Lair.
  8853 | D:10     | Entered Level 10 of the Dungeon
  9023 | D:10     | Reached XP level 11. HP: 92/92 MP: 14/14
  9410 | D:10     | Noticed an unseen horror
  9414 | D:10     | Reached skill level 12 in Axes
  9422 | D:10     | Killed an unseen horror
  9704 | D:10     | Found a shimmering altar of Xom.
 10393 | D:11     | Reached ****** piety under Cheibriados
 10399 | D:11     | Reached skill level 13 in Axes
 10636 | D:11     | Noticed a two-headed ogre
 10643 | D:11     | Killed a two-headed ogre
 10929 | D:11     | Found a runed translucent gate.
 10929 | D:11     | Found a runed translucent gate.
 10929 | D:11     | Found a runed translucent gate.
 10929 | D:11     | Noticed Cazemata's ghost (journeyman MiBe)
 10941 | D:11     | Killed Cazemata's ghost
 10941 | D:11     | Reached XP level 12. HP: 87/102 MP: 16/16
 11556 | D:11     | Reached skill level 10 in Shields
 11559 | D:11     | Noticed a two-headed ogre
 11567 | D:11     | Killed a two-headed ogre
 11567 | D:11     | Reached skill level 14 in Axes
 11573 | D:11     | Noticed a two-headed ogre
 11583 | D:11     | HP: 1/104 [cyclops (18)]
 11663 | D:11     | Killed a two-headed ogre
 12769 | D:12     | Found a staircase to the Orcish Mines.
 12817 | D:12     | Reached XP level 13. HP: 70/111 MP: 6/18
 13427 | D:13     | Noticed Azrael
 13433 | D:13     | Killed Azrael
 13582 | D:13     | Reached skill level 10 in Armour
 13646 | D:13     | Reached skill level 15 in Axes
 14028 | D:13     | Reached skill level 10 in Fighting
 14386 | D:13     | Found a gate to the Vaults.
 14875 | D:14     | Found a hazy altar of Hepliaklqana.
 14899 | D:14     | Found Hivouv's Jewellery Boutique.
 14902 | D:14     | Bought the ring of the Slashing Jester {rF+ rC+ Int+3
                  | Dex+2} for 643 gold pieces
 15168 | D:14     | Got a faintly humming plate armour
 15179 | D:14     | Identified the cursed +1 plate armour of Itagug {rElec
                  | Str+6 Int+4 Dex-3} (You found it on level 14 of the
                  | Dungeon)
 15459 | D:15     | Entered Level 15 of the Dungeon
 15467 | D:15     | Found Mouvo's Distillery.
 15474 | D:15     | Noticed a frost giant
 15475 | D:15     | Noticed a tengu reaver
 15489 | D:15     | Found Agyax's Food Emporium.
 15490 | D:15     | Found a flickering gateway to a bazaar.
 15505 | Bazaar   | Entered a bazaar
 15519 | Bazaar   | Found Baov's Antique Armour Emporium.
 15536 | Bazaar   | Found Degall's Weapon Shoppe.
 15552 | Bazaar   | Found Ponowa's Jewellery Shoppe.
 15552 | Bazaar   | Found Anteleha's Antique Weapon Emporium.
 15613 | Bazaar   | Bought a glowing tower shield for 150 gold pieces
 15708 | D:15     | Reached XP level 14. HP: 121/121 MP: 20/20
 15821 | D:15     | Noticed a sphinx
 15826 | D:15     | Killed a frost giant
 15826 | D:15     | Reached skill level 10 in Invocations
 15830 | D:15     | Killed a sphinx
 15839 | D:15     | Killed a tengu reaver
 16124 | D:15     | Found Gusky's Book Shop.
 16242 | D:15     | Bought 2 potions of heal wounds for 160 gold pieces
 16242 | D:15     | Bought a potion of curing for 48 gold pieces
 16262 | D:15     | Got a brightly glowing platinum ring
 16268 | D:15     | Found Luhin's Jewellery Emporium.
 16273 | D:15     | Identified the ring "Juciz" {*Tele Int+6} (You found it on
                  | level 15 of the Dungeon)
 16710 | D:15     | Reached skill level 16 in Axes
 16818 | D:15     | Noticed a ghost moth
 16822 | D:15     | a ghost moth changed into an alligator
 16830 | D:15     | Reached skill level 10 in Evocations
 16907 | D:15     | Found a staircase to the Depths.
 17142 | Orc:1    | Entered Level 1 of the Orcish Mines
 17299 | Orc:2    | Entered Level 2 of the Orcish Mines
 17711 | Orc:2    | Found Meubut's Food Emporium.
 17725 | Orc:2    | Found Etatufaa's General Store.
 18039 | Orc:2    | Bought a ration for 55 gold pieces
 18039 | Orc:2    | Bought a ration for 55 gold pieces
 18039 | Orc:2    | Bought a ration for 55 gold pieces
 18039 | Orc:2    | Bought a ration for 55 gold pieces
 18039 | Orc:2    | Bought a ration for 55 gold pieces
 18039 | Orc:2    | Bought a ration for 55 gold pieces
 18084 | Orc:2    | Reached XP level 15. HP: 84/130 MP: 13/22
 18382 | Orc:2    | Found Zeeghadd's Book Shop.
 18382 | Orc:2    | Found a one-way gate leading to the halls of Pandemonium.
 18382 | Orc:2    | Found Deax's Antique Weapon Boutique.
 18687 | Orc:2    | Found a staircase to the Elven Halls.
 19043 | Orc:1    | Noticed an orc warlord
 19058 | Orc:1    | Killed an orc warlord
 19481 | Orc:1    | Found a roughly hewn altar of Beogh.
 19650 | Lair:1   | Entered Level 1 of the Lair of Beasts
 20386 | Lair:2   | Found a staircase to the Swamp.
 21382 | Lair:3   | Found the +2 robe of Vines {NoPotionHeal Regen+7}
 21668 | Lair:3   | Found a hole to the Spider Nest.
 22078 | Lair:4   | Noticed Sonja
 22085 | Lair:4   | Killed Sonja
 22176 | Lair:4   | Reached skill level 1 in Long Blades
 22456 | Lair:4   | Noticed Rupert
 22470 | Lair:4   | Killed Rupert
 22645 | Lair:4   | Found a runed translucent door.
 22645 | Lair:4   | Found a shimmering altar of Xom.
 22645 | Lair:4   | Noticed Ficseq's ghost (journeyman DrCj)
 22666 | Lair:4   | Killed Ficseq's ghost
 22824 | Lair:5   | You fall into a shaft and drop 1 floor!
 22824 | Lair:6   | Entered Level 6 of the Lair of Beasts
 22884 | Lair:6   | Reached XP level 16. HP: 139/139 MP: 24/24
 22954 | Lair:6   | Reached skill level 15 in Shields
 23173 | Lair:6   | Identified a scroll of acquirement
 23183 | Lair:6   | Acquired the ring "Ijicoc" {rElec rN+ Str+3}
 23288 | Lair:6   | Reached skill level 5 in Dodging
 24140 | Lair:5   | Found a staircase to the Slime Pits.
 24727 | Spider:1 | Entered Level 1 of the Spider Nest
 24912 | Spider:1 | Found a runed translucent door.
 24918 | Spider:1 | Noticed Cykl0x's ghost (adept FoFi)
 24963 | Spider:1 | Killed Cykl0x's ghost
 24963 | Spider:1 | Reached skill level 17 in Axes
 25806 | Spider:2 | Reached XP level 17. HP: 53/149 MP: 19/25
 25822 | Spider:2 | HP: 1/149 [shot self (17)]
 25824 | Spider:2 | Slain by a demonic crawler

Illustrated notes

Levels and vault maps discovered:
D:1:      nicolae_arrival_somewhat_less_tricky_arrival, layout_loops_corners
D:2:      layout_loops_cross, nicolae_overflow_hidden_temple,
          chequers_ecumenical_altar_simple, uniq_crazy_yiuf_cottage,
          uniq_natasha, uniq_jessica, uniq_robin
D:3:      layout_basic, nicolae_overflow_crystal_walls, portal_sewer_entry_c,
          uniq_ijyb, uniq_grinder
D:4:      layout_cave_pools
D:5:      layout_rooms, kennysheep_little_box, first_ration, uniq_blork_the_orc
D:6:      layout_gridville, serial_shops, shop, minmay_circle_x
D:7:      layout_loops_ring, minmay_temple_entry_stoned_glass,
          roderic_st_hans_cross
D:8:      layout_loops_corners, kennysheep_mini, grunt_gozag_breadcrumbs,
          the_bakery, glass_columns_c, uniq_grum, uniq_joseph
D:9:      layout_loops_ring, david_lair_shrubbed, nicolae_transmutations_shop
D:10:     layout_loops_corners, xom_teletrap_fun
D:11:     regret_index_wax_grids, layout_gridville, ebering_ghost_rock_garden,
          special_room [special_room_orc], serial_bayou_pond_e
D:12:     layout_cave_pools, zombieorc2_lemuel
D:13:     layout_cave_pools, david_vaults_2, uniq_azrael
D:14:     layout_basic, serial_shops, kennysheep_mini_moat, basic_altar,
          chequers_serial_rivers_micro_a
D:15:     gammafunk_enter_depths_forms, layout_stronghold,
          hangedman_decor_growths, serial_shops, bzr_entry_water,
          nicolae_shop_statue_plus, shop, nicolae_shop_trees, shop,
          minmay_diamond_spiral
Lair:1:   layout_roguey, lemuel_fruit_tree, serial_bayou_shore_b,
          grunt_megastairs_1
Lair:2:   layout_cave_pods, skrybe_swamp_entry_bodies
Lair:3:   layout_regular_city, spider_nest_entry_rubble, grunt_megastairs_2
Lair:4:   layout_loops_ring, ebering_ghost_xom, grunt_forest_large_clearings,
          uniq_rupert, uniq_sonja
Lair:5:   layout_gridlike, minmay_slime_entry_oklob_open
Lair:6:   hangedman_lair_tendril_chambers, layout_gridlike, zaba_anthole,
          infiniplex_staircase_pool_2
Spider:1: layout_spider_delve, ebering_ghost_reflecting_pool
Spider:2: layout_spider_delve, guppyfry_spider_mini_3
Orc:1:    layout_caves, lemuel_statue_altar
Orc:2:    pf_orc_diabolical, layout_caves

Skill      XL: |  1  2  3  4  5  6  7  8  9 10 11 12 13 14 15 16 17 |
---------------+----------------------------------------------------+-----
Armour         | 4 5 6 7 8 9 10 11 | 11.8
Fighting       | 4 5 6 7 8 9 10 11 12 13 | 13.1
Axes           | 3 4 5 7 8 10 11 13 14 15 16 17 | 17.1
Shields        | 4 5 6 7 8 9 10 11 13 14 16 | 16.4
Dodging        | 1 2 3 4 6 7 |  7.1
Evocations     | 1 2 3 4 5 7 8 9 10 11 | 11.9
Invocations    | 2 4 5 6 8 9 10 12 13 | 13.0
Long Blades    | 1 2 |  2.0

Action                   |  1- 3 |  4- 6 |  7- 9 | 10-12 | 13-15 | 16-18 || total
-------------------------+-------+-------+-------+-------+-------+-------++-------
Melee: War axe           |    67 |   113 |   228 |   187 |   740 |   396 ||  1731
       Headbutt          |     8 |    23 |    75 |   156 |   258 |   146 ||   666
       Broad axe         |       |       |    43 |   250 |       |       ||   293
       Scimitar          |       |       |       |       |     6 |     5 ||    11
Throw: Javelin           |       |       |     4 |     2 |     4 |       ||    10
       Dart              |       |       |       |       |       |     3 ||     3
Invok: Bend Time         |       |       |     1 |       |       |       ||     1
       Slouch            |       |       |       |     7 |    20 |     5 ||    32
       Step From Time    |       |       |       |     1 |     1 |       ||     2
Evoke: Wand              |       |       |       |     5 |    19 |     1 ||    25
       Tin of tremorston |       |       |       |       |     9 |     2 ||    11
       Box of beasts     |       |       |       |       |     3 |       ||     3
       Lightning rod     |       |       |       |       |     1 |       ||     1
  Use: Potion            |     1 |     2 |     1 |     4 |     8 |       ||    16
       Scroll            |       |     4 |     8 |     3 |     7 |     6 ||    28
 Stab: Invisible         |       |       |       |       |     3 |       ||     3
       Distracted        |       |       |       |       |     2 |     1 ||     3
       Paralysed         |       |       |       |       |     6 |       ||     6
       Sleeping          |       |       |       |       |     3 |     2 ||     5
  Eat: Chunk             |     2 |     4 |     7 |    11 |    21 |     5 ||    50
       Ration            |       |       |       |       |     1 |       ||     1
Armor: Scale mail        |    36 |     6 |       |       |       |       ||    42
       Plate armour      |       |    37 |   177 |   229 |   210 |       ||   653
       Robe              |       |       |       |       |    25 |    57 ||    82
Dodge: Dodged            |    34 |    20 |    89 |   165 |   163 |   155 ||   626
Block: Kite shield       |    45 |    47 |   208 |   428 |   169 |       ||   897
       Tower shield      |       |       |       |       |   693 |   547 ||  1240
       Reflection        |       |       |       |       |    13 |     2 ||    15
       Rpst.: Scimitar   |       |       |       |       |     4 |     1 ||     5
